 Dungeon Crawl Stone Soup version 0.25.0-26-g0c896c7088 (webtiles) character file.

Game seed: 7816155749154225213

78 protoss039 the Firebug (level 4, -3/34 HPs)
             Began as a Draconian Fire Elementalist on July 2, 2020.
             Killed by divine providence
             ... invoked by an orc priest
              (13 damage)
             ... on level 2 of the Dungeon.
             The game lasted 00:04:18 (1488 turns).

protoss039 the Firebug (DrFE)                       Turns: 1488, Time: 00:04:19

Health: -3/34      AC:  5    Str: 10    XL:     4   Next: 15%
Magic:  6/8        EV: 12    Int: 17    God:
Gold:   135        SH:  0    Dex: 11    Spells: 8/9 levels left

rFire    . . .     SeeInvis .   k - +0 short sword (venom)
rCold    . . .     Gourm    .   (no shield)
rNeg     . . .     Faith    .   (armour unavailable)
rPois    .         Spirit   .   (helmet restricted)
rElec    .         Reflect  .   (no cloak)
rCorr    .         Harm     .   (no gloves)
MR       .....                  (no boots)
Stlth    ++........             (no amulet)
HPRegen  0.11/turn              (no ring)
MPRegen  0.11/turn              (no ring)

@: no status effects
A: unfitting armour, cold-blooded, AC +5
a: no special abilities


You were on level 2 of the Dungeon.
You were not hungry.

You visited 1 branch of the dungeon, and saw 2 of its levels.

You collected 135 gold pieces.

Inventory:

Hand Weapons
 k - a +0 short sword of venom (weapon)
Scrolls
 a - 4 scrolls of identify {unknown}
 d - 2 scrolls of enchant weapon {unknown}
 g - a scroll of teleportation {unknown}
 h - a scroll of remove curse {unknown}
 i - a scroll of immolation {unknown}
Potions
 c - a potion of curing {unknown}
 e - 2 potions of heal wounds {unknown}
 f - a potion of flight {unknown}
 j - a potion of haste {unknown}
Comestibles
 b - 7 rations


   Skills:
 + Level 0.5 Fighting
 - Level 2.0 Dodging
 - Level 2.0 Stealth
 - Level 0.3 Unarmed Combat
 + Level 3.1 Spellcasting
 + Level 1.6 Conjurations
 + Level 3.5 Fire Magic


You had 8 spell levels left.
You knew the following spells:

 Your Spells              Type           Power        Failure   Level  Hunger
a - Foxfire               Conj/Fire      ##..         6%          1    None

Your spell library contained the following spells:

 Spells                   Type           Power        Failure   Level  Hunger
 Conjure Flame            Conj/Fire      ##......     19%         3    ###....
 Inner Flame              Hex/Fire       #.......     26%         3    ###....
 Sticky Flame             Conj/Fire      ##......     52%         4    ####...
 Fireball                 Conj/Fire      ##........   86%         5    ######.


Dungeon Overview and Level Annotations

Branches:
Dungeon (2/15)

Altars:


Innate Abilities, Weirdness & Mutations

Your plain brown scales are hard. (AC +5)
You cannot fit into any form of body armour.
You are cold-blooded and may be slowed by cold attacks.


Message History

Unknown command.
Unknown command.
Unknown command.
The orc priest looks encouraged for a moment.
The orc priest casts a cantrip, but nothing happens.
The orc shouts!
You hear a shout!
Your magical contamination has completely faded away.
You see here 8 boomerangs.
The orc completely misses you. The orc hits you but does no damage.
The orc closely misses you.
The orc shouts!
You hear a shout!
The orc hits you but does no damage.
The orc priest hits you with a cursed +0 flail.
The orc priest hits you with a cursed +0 flail.
* * * LOW HITPOINT WARNING * * *
The orc misses you.
The orc priest mumbles some strange prayers to Beogh against you.
Beogh smites you!
You die...

##........................#
#..............(.......##.##
#.........#..........####..#
...................)..#####.#
..............####........##.#
###..........######...........
........................
.......#######..........
.#....@o..ooo.....))...
#...#########....).... .....
.........##### ....
...≈...#..# ... .......##.# ..
.......##.# . .......##.#
o..≈..# #.# ...... #.#


You could see 2 orc priests and 2 orcs.

Vanquished Creatures
  An orc priest (D:2)
  An adder (D:2)
  An ooze (D:2)
  2 worms (D:2)
  A dart slug (D:2)
  2 leopard geckos (D:1)
  2 orcs (D:2)
  A giant cockroach (D:1)
  A goblin (D:1)
  3 hobgoblins
  3 kobolds
  2 bats (D:1)
  7 rats
27 creatures vanquished.

Vanquished Creatures (others)
  50 foxfires
50 creatures vanquished.

Grand Total: 77 creatures vanquished

Notes
Turn   | Place    | Note
-------+----------+-------------------------------------------
     0 | D:1      | protoss039 the Draconian Fire Elementalist began the quest
                  | for the Orb.
     0 | D:1      | Reached XP level 1. HP: 14/14 MP: 3/3
   350 | D:1      | Reached XP level 2. HP: 20/20 MP: 5/5
  1105 | D:2      | Reached XP level 3. HP: 26/26 MP: 4/7
  1431 | D:2      | Reached XP level 4. HP: 13/34 MP: 3/8
  1488 | D:2      | Killed from afar by an orc priest

Illustrated notes

Levels and vault maps discovered:
D:1:      minmay_arrival_stair_chambers, layout_rooms, hex_intersection
D:2:      cheibrodos_pilgrimage, layout_rooms, serial_curves, eino_curves_04,
          eino_curves_04, eino_curves_02

Skill      XL: |  1  2  3 |
---------------+----------+-----
Stealth        | 2 |  2.0
Dodging        | 2 |  2.0
Spellcasting   | 3 |  3.1
Fighting       | |  0.5
Unarmed Combat | |  0.3
Conjurations   | |  1.6
Fire Magic     | |  3.5

Action                   |  1- 3 |  4- 6 || total
-------------------------+-------+-------++-------
Melee: Unarmed           |    16 |       ||    16
       Short sword       |    21 |       ||    21
       Tailslap          |     2 |       ||     2
       Spear             |    14 |       ||    14
 Cast: Foxfire           |    33 |     2 ||    35
 Stab: Sleeping          |     1 |       ||     1
  Eat: Chunk             |     2 |       ||     2
Armor: Skin              |    17 |     2 ||    19
Dodge: Dodged            |    32 |     3 ||    35
